 Dungeon Crawl Stone Soup version 0.15.2 (webtiles) character file.

3516 magipi the Basher (level 10, -4/102 HPs)
             Began as an Ogre Hunter on Aug 11, 2016.
             Was a Believer of Makhleb.
             Slain by Prince Ribbit (19 damage)
             ... on Level 8 of the Dungeon.
             The game lasted 00:31:47 (8633 turns).

magipi the Basher (Ogre Hunter)                     Turns: 8633, Time: 00:31:47

HP  -4/102       AC -11    Str 19      XL: 10   Next:  8%
MP  10/10        EV 12     Int 10      God: Makhleb [**....]
Gold 91          SH  0     Dex 13      Spells:  0 memorised,  9 levels left

rFire  . . .     SeeInvis +     a - +2 whip (freeze)
rCold  . . .     Clarity  +     d - +1 animal skin
rNeg   . . .     rCorr    .     (shield restricted)
rPois  .         rRot     .     (helmet restricted)
rElec  .         Spirit   .     (no cloak)
SustAb .         Warding  .     (gloves unavailable)
rMut   .         Stasis   .     (boots unavailable)
Gourm  .                        q - amulet of clarity
MR     +....                    C - ring of flight
                                i - ring of see invisible

@: corroded equipment, somewhat resistant to hostile enchantments, very
unstealthy
A: unfitting armour, tough skin 1
a: Minor Destruction, Renounce Religion, Evoke Flight


You were on level 8 of the Dungeon.
You worshipped Makhleb.
Makhleb was pleased with you.
You were not hungry.

You visited 2 branches of the dungeon, and saw 9 of its levels.

You collected 278 gold pieces.
You spent 187 gold pieces at shops.

Inventory:

Hand weapons
 a - a +2 whip of freezing (weapon)
 b - a +0 flail of holy wrath
 A - a +0 giant spiked club
Missiles
 c - a throwing net
 y - 4 large rocks (quivered)
Armour
 d - a +1 animal skin (worn)
Magical devices
 B - a wand of draining (5)
Comestibles
 f - 4 meat rations
 k - a rotting chunk of iguana flesh
 n - 5 bread rations
 D - a beef jerky
Scrolls
 j - 2 scrolls of teleportation
 l - 10 scrolls of remove curse
 s - a scroll of magic mapping
 u - a scroll of enchant weapon {unknown}
 z - a scroll of noise
Jewellery
 i - a ring of see invisible (left hand)
 q - an amulet of clarity (around neck)
 C - a ring of flight (right hand)
Potions
 e - 2 potions of brilliance
 g - a potion of heal wounds
 h - a potion of magic
 m - a potion of resistance
 o - a potion of lignification
 p - a potion of haste
 r - 4 potions of might
 t - 4 potions of curing
 v - a potion of cure mutation
 w - a potion of cancellation {unknown}
 x - a potion of restore abilities {unknown}


   Skills:
 + Level 7.2 Fighting
 - Level 14.8 Maces & Flails
 - Level 4.3 Throwing
 + Level 5.0 Dodging
 - Level 0.7 Stealth


You had 9 spell levels left.
You didn't know any spells.

Dungeon Overview and Level Annotations

Branches:
Dungeon (8/15)             Temple (1/1) D:5
   Lair: D:8-11

Altars:
Cheibriados
Dithmenos
Elyvilon
Fedhas
Kikubaaqudgha
Makhleb
Okawaru
Qazlal
Sif Muna
Vehumet
Xom
Yredelemnul
Zin

Shops:
D:6 =

Annotations:
D:2 exclusion: worm
D:4 exclusion: scorpion, magipi's ghost, average OgHu
D:8 Prince Ribbit


Innate Abilities, Weirdness & Mutations

You are too large for most types of armour.
You have tough skin (AC +1).

Vault maps used:
D:1:      saegor_arrival_simple_b
D:2:      tgw_trog, first_bread, uniq_iyjb
D:3:      fiery_altar_vehumet
D:4:      kennysheep_mini_moat, uniq_pikel, uniq_eustachio
D:5:      zin_treasury, lemuel_temple_firewalk_marked, minivault_11,
          kb_lookout_dungeons_type
D:6:      serial_shops, nicolae_shop_trees, hangedman_decor_growths,
          fedhas_altar_4, uniq_edmund, uniq_menkaure
D:7:      lemuel_zombie_altar_yredelemnul
D:8:      gammafunk_temple_overflow_elements, uniq_joseph, uniq_prince_ribbit1,
          uniq_psyche
Temple:   temple_island_7


Message History

You see here a runed spear.
An orc comes into view.
The orc shouts!
A jelly comes into view.
Prince Ribbit comes into view.
Prince Ribbit gives a loud, deep croak!
Prince Ribbit blinks!
Prince Ribbit lets out a mournful croak.
Prince Ribbit catches a blue-tailed skink with his tongue.
Prince Ribbit closely misses you.
You hit Prince Ribbit.
Prince Ribbit seems to slow down.
You freeze Prince Ribbit.
Prince Ribbit is moderately wounded.
You miss Prince Ribbit.
Prince Ribbit is moderately wounded.
Prince Ribbit momentarily phases out as your attack passes through him.
Prince Ribbit is moderately wounded.
Prince Ribbit hits you.
You hit Prince Ribbit.
Prince Ribbit seems to slow down.
You freeze Prince Ribbit.
Prince Ribbit is moderately wounded.
You miss Prince Ribbit.
Prince Ribbit is moderately wounded.
Prince Ribbit hits you.
You hit Prince Ribbit.
Prince Ribbit seems to slow down.
You freeze Prince Ribbit.
Prince Ribbit is moderately wounded.
Prince Ribbit momentarily phases out as your attack passes through him.
Prince Ribbit is moderately wounded.
Prince Ribbit blinks!
You barely miss the orc. The orc hits you but does no damage.
You hit the orc. You freeze the orc.
The orc is moderately wounded.
You whack the orc! You freeze the orc.
You kill the orc!
Makhleb accepts your kill.
You feel a little better.
You hit the jelly but do no damage. You hit the jelly. You freeze the jelly.
The acid corrodes your equipment!
The jelly is moderately wounded.
The jelly hits you.
You are splashed with acid!
The acid burns!
You hit the jelly but do no damage.
The jelly is moderately wounded.
You hit the jelly but do no damage.
The jelly is moderately wounded.
The jelly hits you.
You are splashed with acid!
The acid burns!
You hit the jelly. You freeze the jelly. The acid corrodes your equipment!
The jelly is heavily wounded.
You barely miss the jelly.
The jelly is heavily wounded.
The jelly hits you.
You are splashed with acid!
The acid burns!
You completely miss the jelly.
The jelly is heavily wounded.
You hit the jelly but do no damage. The acid corrodes your equipment!
The jelly is heavily wounded.
The jelly hits you.
You are splashed with acid!
The acid burns!
You hit the jelly but do no damage.
The jelly is heavily wounded.
You completely miss the jelly.
The jelly is heavily wounded.
The jelly hits you.
You are splashed with acid!
The acid burns!
* * * LOW HITPOINT WARNING * * *
You hit the jelly but do no damage.
The jelly is heavily wounded.
Unknown command.
Throwing (i - inventory. (,) - cycle):
y - 5 large rocks (quivered)
Press: ? - help, Shift-Dir - straight line, f - jelly
Aim: a jelly (heavily wounded)
You throw a large rock. The large rock hits the jelly!
You kill the jelly!
Makhleb accepts your kill.
Your Dodging skill increases to level 5!
You whack Prince Ribbit!
Prince Ribbit seems to slow down.
You freeze Prince Ribbit.
Prince Ribbit is severely wounded.
Prince Ribbit asks, "Just a little smooch?"
Prince Ribbit barely misses you.
Unknown command.
You hit Prince Ribbit but do no damage.
Prince Ribbit is severely wounded.
Unknown command.
You hit Prince Ribbit. You freeze Prince Ribbit.
Prince Ribbit is almost dead.
Prince Ribbit hits you!
* * * LOW HITPOINT WARNING * * *
Drink which item? (? for menu, Esc to quit)
You feel much better. Prince Ribbit hits you!
* * * LOW HITPOINT WARNING * * *
Unknown command.
You hit Prince Ribbit. You freeze Prince Ribbit.
Prince Ribbit is almost dead.
Unknown command.
Prince Ribbit momentarily phases out as your attack passes through him.
Prince Ribbit is almost dead.
Prince Ribbit is no longer moving slowly.
Unknown command.
You miss Prince Ribbit.
Prince Ribbit is almost dead.
Prince Ribbit hits you!!
You die...

### ##F#####
##@#.##.##
#)###F...#
##.#.##o##########
##.###.J...J.....
#.#...F.........
#.#.###########
#.#.# #.#.##
####### #....#


You could see Prince Ribbit.

Table legend:
 A = Kills in this place as a percentage of kills in entire the game.
 B = Kills by you in this place as a percentage of kills by you in the entire game.
 C = Kills by friends in this place as a percentage of kills by friends in the entire game.
 D = Other kills in this place as a percentage of other kills in the entire game.
 E = Experience gained in this place as a percentage of experience gained in the entire game.
 F = Experience gained in this place divided by the number of levels of this place that you have seen.
                   A       B       C       D       E      F
               +-------+-------+-------+-------+-------+----------------------
         Total | 100.0 | 100.0 |  -nan |  -nan | 100.0 | 558.1
       Dungeon | 100.0 | 100.0 |  -nan |  -nan | 100.0 | 627.9
               +-------+-------+-------+-------+-------+----------------------

Vanquished Creatures
  Pikel (D:4)
  Joseph (D:8)
  Eustachio (D:4)
  A hungry ghost (D:8)
  Edmund (D:6)
  Menkaure (D:6)
  A sky beast (D:7)
  An ice beast (D:7)
  2 ogres
  6 centaurs
  2 black bears
  A phantom (D:6)
  2 giant frogs
  A hippogriff zombie (D:7)
  A wight (D:7)
  5 crimson imps
  3 orc priests
  7 jellies
  2 hounds
  2 iguanas (D:8)
  An elf skeleton (D:7)
  3 orc wizards
  3 worker ants
  Ijyb (D:2)
  An ogre skeleton (D:8)
  A worker ant zombie (D:6)
  5 adders
  2 orc skeletons
  2 shadow imps
  A giant mite (D:4)
  2 adder skeletons
  3 giant geckos
  An ooze (D:3)
  14 orcs
  4 ball pythons
  11 bats
  2 giant cockroaches
  2 gnoll zombies (D:7)
  12 hobgoblins
  2 jackals (D:3)
  12 kobolds
  3 quokkas
  2 giant newts
  7 goblins
  A hobgoblin skeleton (D:7)
  A quokka skeleton (D:5)
  11 rats
152 creatures vanquished.

Vanquished Creatures (others)
  An ogre (D:4)
  A scorpion (D:5)
  A worm (D:5)
  A giant newt (D:3)
  A bush (D:5)
5 creatures vanquished.

Grand Total: 157 creatures vanquished

Notes
Turn   | Place    | Note
--------------------------------------------------------------
     0 | D:1      | magipi, the Ogre Hunter, began the quest for the Orb.
     0 | D:1      | Reached XP level 1. HP: 22/22 MP: 1/1
   207 | D:1      | Reached XP level 2. HP: 26/29 MP: 2/2
  1382 | D:2      | Reached XP level 3. HP: 32/36 MP: 3/3
  1405 | D:2      | Noticed Ijyb
  1409 | D:2      | Killed Ijyb
  1864 | D:3      | Reached XP level 4. HP: 41/44 MP: 4/4
  1881 | D:3      | Reached skill level 5 in Maces & Flails
  2276 | D:3      | Reached skill level 6 in Maces & Flails
  2333 | D:2      | Reached XP level 5. HP: 50/50 MP: 5/5
  2548 | D:3      | Found a radiant altar of Vehumet.
  2556 | D:3      | Noticed magipi's ghost (average OgHu)
  2668 | D:4      | Noticed an ogre
  2686 | D:4      | Killed an ogre
  2686 | D:4      | Reached skill level 7 in Maces & Flails
  2975 | D:4      | Noticed Eustachio
  3018 | D:4      | Killed Eustachio
  3018 | D:4      | Reached skill level 8 in Maces & Flails
  3018 | D:4      | Reached XP level 6. HP: 50/59 MP: 6/6
  3034 | D:4      | Found an ancient bone altar of Kikubaaqudgha.
  3176 | D:4      | Noticed a slave
  3176 | D:4      | Noticed a slave
  3176 | D:4      | Noticed a slave
  3177 | D:4      | Noticed Pikel
  3181 | D:4      | Noticed a slave
  3423 | D:4      | Noticed an ogre
  3441 | D:4      | Killed Pikel
  3441 | D:4      | Reached skill level 11 in Maces & Flails
  3441 | D:4      | Reached XP level 7. HP: 66/66 MP: 7/7
  3445 | D:4      | Killed an ogre
  3483 | D:5      | Entered Level 5 of the Dungeon
  3546 | D:5      | Reached XP level 8. HP: 68/74 MP: 8/8
  4236 | D:5      | Found a glowing silver altar of Zin.
  4395 | D:4      | Noticed magipi's ghost (average OgHu)
  4422 | D:5      | Found a staircase to the Ecumenical Temple.
  4432 | Temple   | Entered the Ecumenical Temple
  4775 | D:6      | Reached skill level 12 in Maces & Flails
  4883 | D:6      | Found Vuaplo's Jewellery Shoppe.
  4897 | D:6      | Bought a cursed amulet of inaccuracy for 22 gold pieces
  4897 | D:6      | Bought an uncursed ring of see invisible for 165 gold pieces
  5059 | Temple   | Became a worshipper of Makhleb the Destroyer
  5149 | D:6      | Noticed Menkaure
  5154 | D:6      | Killed Menkaure
  5188 | D:6      | Reached skill level 13 in Maces & Flails
  5749 | D:6      | Noticed Edmund
  5761 | D:6      | Killed Edmund
  6084 | D:6      | Reached XP level 9. HP: 60/80 MP: 9/9
  6350 | D:6      | Found a blossoming altar of Fedhas.
  6537 | D:6      | Reached skill level 14 in Maces & Flails
  6890 | D:7      | Acquired Makhleb's first power
  7508 | D:7      | Found a basalt altar of Yredelemnul.
  7603 | D:7      | Acquired Makhleb's second power
  7776 | D:7      | Reached skill level 5 in Fighting
  8047 | D:8      | Found an iron altar of Okawaru.
  8047 | D:8      | Found a stormy altar of Qazlal.
  8225 | D:8      | Noticed Joseph
  8237 | D:8      | Killed Joseph
  8237 | D:8      | Reached XP level 10. HP: 69/100 MP: 10/10
  8595 | D:8      | Noticed Prince Ribbit
  8626 | D:8      | Reached skill level 5 in Dodging
  8633 | D:8      | Slain by Prince Ribbit

Action                   |  1- 3 |  4- 6 |  7- 9 | 10-12 || total
-------------------------+-------+-------+-------+-------++-------
Melee: Club              |   125 |    59 |       |       ||   184
       Mace              |       |    18 |       |       ||    18
       Whip              |       |       |   349 |    34 ||   383
       Flail             |       |       |    47 |    11 ||    58
Throw: Large rock        |     9 |    20 |    24 |     1 ||    54
       Throwing net      |       |     3 |       |       ||     3
Evoke: Wand              |       |       |     1 |       ||     1
  Use: Scroll            |       |    10 |     8 |       ||    18
       Potion            |       |       |     1 |     1 ||     2
 Stab: Sleeping          |     1 |     1 |     1 |       ||     3
       Confused          |     1 |       |       |       ||     1
       Held in net/web   |       |     5 |       |       ||     5
  Eat: Chunk             |     3 |     3 |     5 |       ||    11
       Pizza             |       |     1 |       |       ||     1
       Fruit             |       |       |     3 |       ||     3
       Beef jerky        |       |       |     1 |       ||     1
       Meat ration       |       |       |     1 |       ||     1
       Bread ration      |       |       |     1 |       ||     1

Action                   |  1- 3 |  4- 6 |  7- 9 | 10-12 || total
-------------------------+-------+-------+-------+-------++-------
Melee: Club              |   125 |    59 |       |       ||   184
       Mace              |       |    18 |       |       ||    18
       Whip              |       |       |   349 |    34 ||   383
       Flail             |       |       |    47 |    11 ||    58
Throw: Large rock        |     9 |    20 |    24 |     1 ||    54
       Throwing net      |       |     3 |       |       ||     3
Evoke: Wand              |       |       |     1 |       ||     1
  Use: Scroll            |       |    10 |     8 |       ||    18
       Potion            |       |       |     1 |     1 ||     2
 Stab: Sleeping          |     1 |     1 |     1 |       ||     3
       Confused          |     1 |       |       |       ||     1
       Held in net/web   |       |     5 |       |       ||     5
  Eat: Chunk             |     3 |     3 |     5 |       ||    11
       Pizza             |       |     1 |       |       ||     1
       Fruit             |       |       |     3 |       ||     3
       Beef jerky        |       |       |     1 |       ||     1
       Meat ration       |       |       |     1 |       ||     1
       Bread ration      |       |       |     1 |       ||     1
